 Dungeon Crawl Stone Soup version 0.29-a0-1033-gb6c65ffae6 (webtiles) character file.

Game seed: 3483365079669460659

6062 quinnr the Stormcaller (level 10, 0/53 HPs)
             Began as a Tengu Air Elementalist on Aug 14, 2022.
             Was a Believer of Vehumet.
             Succumbed to a cane toad's poison
             ... on level 9 of the Dungeon.
             The game lasted 00:18:56 (12579 turns).

quinnr the Stormcaller (Tengu Air Elementalist)    Turns: 12579, Time: 00:18:57

Health: 0/53       AC:  5    Str:  9    XL:     10   Next: 87%
Magic:  15/26      EV: 19    Int: 20    God:    Vehumet [**....]
Gold:   617        SH:  0    Dex: 14    Spells: 7/17 levels left

rFire   + . .      SeeInvis .   n - staff of air
rCold   + . .      Faith    .   (no shield)
rNeg    . . .      Spirit   .   G - +0 robe {rF+}
rPois   .          Reflect  .   (helmet restricted)
rElec   +          Harm     .   s - +2 cloak of Defence {rCorr}
rCorr   +          Rampage  .   (no gloves)
Will    .....                   (boots unavailable)
Stlth   ++........              (no amulet)
HPRegen 0.17/turn               q - ring of magical power
MPRegen 0.20/turn               z - ring of protection from cold

@: lethally poisoned (0 -> -5), flying quickly and evasively, quick
A: beak, talons 3, nimble flight
a: Renounce Religion


You were on level 9 of the Dungeon.
You worshipped Vehumet.
Vehumet was pleased with you.
You visited 3 branches of the dungeon, and saw 11 of its levels.

You collected 617 gold pieces.

Inventory:

Missiles
 D - 2 throwing nets
Armour
 s - the +2 cloak of Defence (worn) {rCorr}
   (You found it on level 2 of the Dungeon)

   rCorr:     It protects you from acid and corrosion.
 G - a +0 robe of fire resistance (worn)
Magical Staves
 n - a staff of air (weapon)
Jewellery
 q - a ring of magical power (left hand)
 u - a ring of flight
 z - a ring of protection from cold (right hand)
 H - a ring of ice
Wands
 w - a wand of mindburst (7)
 A - a wand of paralysis (11)
 B - a wand of iceblast (17)
Scrolls
 a - a scroll of fog {unknown}
 d - 3 scrolls of enchant armour
 e - a scroll of amnesia {unknown}
 h - 4 scrolls of noise {unknown}
 i - a scroll of fear {unknown}
 m - a scroll of enchant weapon {unknown}
 o - 9 scrolls of teleportation
 p - a scroll of immolation
 v - a scroll of brand weapon {unknown}
 y - 5 scrolls of vulnerability
 C - 2 scrolls of silence
Potions
 b - a potion of magic
 c - 3 potions of might {unknown}
 f - 3 potions of resistance {unknown}
 g - a potion of invisibility {unknown}
 j - a potion of attraction
 k - a potion of lignification
 l - 5 potions of curing
 r - a potion of berserk rage
 t - 3 potions of heal wounds
 x - 2 potions of brilliance
 E - a potion of mutation
 F - a potion of ambrosia


   Skills:
 - Level 2.0 Fighting
 - Level 9.0 Dodging
 - Level 2.0 Stealth
 - Level 4.0 Spellcasting
 - Level 1.3 Conjurations
 + Level 17.1 Air Magic


You had 7 spell levels left.
You knew the following spells:

 Your Spells              Type           Power      Damage    Failure   Level
a - Shock                 Conj/Air       100%       1d9       1%          1
b - Static Discharge      Conj/Air       57%        3-11/arc  1%          2
c - Airstrike             Air            41%        2d(6-22)  1%          4
d - Ignite Poison         Fire/Tmut/Pois 4%         N/A       36%         3

Your spell library contained the following spells:

 Spells                   Type           Power      Damage    Failure   Level
 Swiftness                Air            83%        N/A       1%          3
 Freeze                   Ice            16%        1d4       13%         1
 Stone Arrow              Conj/Erth      12%        3d7       28%         3
 Frozen Ramparts          Ice            8%         1d2       36%         3
 Portal Projectile        Hex/Tloc       8%         N/A       36%         3
 Tukima's Dance           Hex            4%         N/A       36%         3
 Hailstorm                Conj/Ice       6%         3d4       67%         4
 Animate Armour           Summ/Erth      8%         N/A       77%         4
 Animate Dead             Necr           4%         N/A       77%         4
 Blade Hands              Tmut           2%         N/A       98%         5
 Haunt                    Necr/Summ      2%         N/A       100%        7
 Infestation              Necr           2%         N/A       100%        8
 Lehudib's Crystal Spear  Conj/Erth      3%         10d2      100%        8


Dungeon Overview and Level Annotations

Branches:
Dungeon (9/15)             Temple (1/1) D:5            Lair (1/5) D:9
    Orc: D:9-12

Altars:
Ashenzari
Cheibriados
Dithmenos
Elyvilon
Fedhas
Gozag
Hepliaklqana
Kikubaaqudgha
Makhleb
Nemelex Xobeh
Okawaru
Qazlal
Ru
Trog
Uskayaw
Vehumet
Wu Jian
Xom
Yredelemnul
Zin
The Shining One

Shops:
D:3 (   D:4 :


Innate Abilities, Weirdness & Mutations

You have a beak for a mouth.
You have claws for feet.
Your magical nature lets you fly swiftly and evasively.


Message History

Vehumet accepts your kill.
You feel your power returning. You resist.
You are struck by an arc of lightning.
The blink frog is struck by an arc of lightning.
The blink frog is severely wounded.
You resist.
You are struck by an arc of lightning.
The lightning grounds out.
The cane toad is struck by an arc of lightning!
The cane toad is moderately wounded.
You resist.
You are struck by an arc of lightning.
The blink frog is struck by an arc of lightning!
You kill the blink frog!
Vehumet accepts your kill. You resist.
You are struck by an arc of lightning.
You feel sick. The cane toad barely misses you.
Your Air Magic skill increases to level 17!
Unknown command.
Unknown command.
Casting: Static Discharge (safe; 1% risk of failure)
Confirm with . or Enter, or press ? or * to list all spells.
You feel a surge of power!
The cane toad is struck by an arc of lightning!
The cane toad is heavily wounded.
You resist.
You are struck by an arc of lightning.
The cane toad is struck by an arc of lightning!
The cane toad is almost dead.
The lightning grounds out.
You feel sick. The cane toad stings you!
* * * LOW HITPOINT WARNING * * *
Unknown command.
Unknown command.
Casting: Static Discharge (safe; 1% risk of failure)
Confirm with . or Enter, or press ? or * to list all spells.
Aiming: Airstrike (safe; 1% risk of failure)
Press: ? - help, Dir - move target, f - cane toad
Aim: a cane toad (almost dead, empty space bonus: 7/8)
You feel a surge of power!
The air twists around and strikes the cane toad!!
You kill the cane toad!
Vehumet accepts your kill.
You feel your power returning.
You die...

##...###.# ##.#..^
##.....##.####.###.#
#.......#.....## ##.
#.......#....## ##
#############........)###.## ##.
#...........#......P..# #..###..
#.###########.........###.#.#.##
#.# #..†.......##....... #.#
#..@................ #.#
#..†....#..######### #.# #####
#.......#### #.# #...####.....##
#.# #.....######## #.#
#>..###..#.######## #.# ##.##
#..#........### ##.# #.#
#..######.....# ...# #.# #..#
#.###.##


There were no monsters in sight!

Vanquished Creatures
  A two-headed ogre (D:9)
  Joseph (D:8)
  A cane toad (D:9)
  A komodo dragon (D:9)
  A hornet (D:9)
  2 blink frogs (D:9)
  6 yaks
  Menkaure (D:4)
  Eustachio (D:4)
  4 orc warriors
  2 water moccasins
  A black bear (D:5)
  A sky beast (D:6)
  An ogre (D:5)
  4 centaurs
  4 kobold brigands
  A bullfrog (D:6)
  A phantom (D:4)
  A necrophage (D:6)
  5 wights (D:9)
  3 killer bees (D:7)
  2 howler monkeys (D:9)
  3 hounds
  6 orc priests
  3 gnoll boudas
  3 jellies
  Ijyb (D:4)
  Natasha (thrice) (D:4)
  3 iguanas
  5 orc wizards
  7 adders
  19 gnolls
  A shadow imp (D:7)
  A white imp (D:7)
  3 ufetubi
  A worm (D:2)
  2 dart slugs
  27 orcs
  6 ball pythons
  4 endoplasms
  A giant cockroach (D:3)
  7 hobgoblins
  4 jackals (D:5)
  23 kobolds
  3 quokkas (D:4)
  6 bats
  3 frilled lizards
  4 goblins
  2 rats
196 creatures vanquished.

Vanquished Creatures (others)
  43 plants (D:9)
43 creatures vanquished.

Grand Total: 239 creatures vanquished

Notes
Turn   | Place    | Note
-------+----------+-------------------------------------------
     0 | D:1      | quinnr the Tengu Air Elementalist began the quest for the
                  | Orb.
     0 | D:1      | Reached XP level 1. HP: 10/10 MP: 4/4
   371 | D:1      | Reached XP level 2. HP: 15/15 MP: 0/6
   743 | D:1      | Reached skill level 5 in Air Magic
   823 | D:1      | Found a faded altar of an unknown god.
  1342 | D:2      | Reached XP level 3. HP: 14/19 MP: 1/7
  1496 | D:2      | Found a shimmering altar of Xom.
  1667 | D:2      | Reached skill level 6 in Air Magic
  2069 | D:2      | Reached XP level 4. HP: 16/24 MP: 5/8
  2237 | D:2      | Learned a level 2 spell: Static Discharge
  3160 | D:2      | Identified the +2 cloak of Defence {rCorr}
  3358 | D:3      | Learned a level 4 spell: Airstrike
  3527 | D:3      | Reached skill level 7 in Air Magic
  3543 | D:3      | Found a bloodstained altar of Trog.
  3654 | D:3      | Found a white marble altar of Elyvilon.
  3654 | D:3      | Found a glowing silver altar of Zin.
  3655 | D:3      | Found a glowing golden altar of the Shining One.
  3815 | D:3      | Found a hide-covered altar of Uskayaw.
  3899 | D:3      | Gained mutation: Your magical nature lets you fly swiftly
                  | and evasively. [Tengu growth]
  3899 | D:3      | Reached XP level 5. HP: 28/28 MP: 9/9
  4067 | D:3      | Found Tixem's Weapon Boutique.
  4147 | D:4      | Found an ancient bone altar of Kikubaaqudgha.
  4188 | D:4      | Noticed Ijyb
  4193 | D:4      | Killed Ijyb
  4450 | D:4      | Found Ukkihoit's Book Shop.
  4514 | D:4      | Found an iron altar of Okawaru.
  4525 | D:4      | Noticed Eustachio
  4525 | D:4      | Noticed Menkaure
  4529 | D:4      | Killed Menkaure
  4530 | D:4      | Reached skill level 8 in Air Magic
  4530 | D:4      | Reached XP level 6. HP: 17/32 MP: 9/10
  4530 | D:4      | Killed Eustachio
  4692 | D:4      | Reached skill level 9 in Air Magic
  4692 | D:4      | Reached XP level 7. HP: 34/36 MP: 11/11
  5156 | D:4      | Noticed Natasha
  5158 | D:4      | Killed Natasha
  5197 | D:4      | Noticed Natasha
  5199 | D:4      | Killed Natasha
  5200 | D:4      | Reached skill level 10 in Air Magic
  5223 | D:4      | Found an iron altar of Okawaru.
  5244 | D:4      | Found Ukkihoit's Book Shop.
  5400 | D:4      | Noticed Natasha
  5401 | D:4      | Killed Natasha
  5529 | D:4      | Found an ancient bone altar of Kikubaaqudgha.
  5666 | D:5      | Entered Level 5 of the Dungeon
  5842 | D:5      | Found a snail-covered altar of Cheibriados.
  6064 | D:5      | Found a staircase to the Ecumenical Temple.
  6825 | D:5      | Reached skill level 11 in Air Magic
  6854 | D:5      | Reached skill level 1 in Fighting
  6854 | D:5      | Reached XP level 8. HP: 43/43 MP: 3/12
  7462 | Temple   | Entered the Ecumenical Temple
  7505 | Temple   | Became a worshipper of Vehumet
  7934 | D:6      | Reached skill level 12 in Air Magic
  7995 | D:6      | Found a hazy altar of Hepliaklqana.
  7995 | D:6      | Found an ornate altar of the Wu Jian Council.
  8164 | D:6      | Found a stormy altar of Qazlal.
  8166 | D:6      | Found a burning altar of Makhleb.
  8168 | D:6      | Found a basalt altar of Yredelemnul.
  8252 | D:6      | Reached skill level 13 in Air Magic
  8252 | D:6      | Reached XP level 9. HP: 48/48 MP: 15/16
  8256 | D:6      | Reached * piety under Vehumet
  8256 | D:6      | Offered knowledge of Magic Dart by Vehumet.
  8572 | D:6      | Reached skill level 5 in Dodging
 10063 | D:8      | Noticed Joseph
 10069 | D:8      | Killed Joseph
 10070 | D:8      | Reached skill level 14 in Air Magic
 10330 | D:8      | Reached ** piety under Vehumet
 10330 | D:8      | Offered knowledge of Freeze by Vehumet.
 10420 | D:8      | Reached XP level 10. HP: 53/53 MP: 17/17
 10859 | D:8      | Reached skill level 15 in Air Magic
 11992 | D:9      | Offered knowledge of Ignite Poison by Vehumet.
 11997 | D:9      | Learned a level 3 spell: Ignite Poison
 12069 | D:9      | Noticed a two-headed ogre
 12074 | D:9      | Killed a two-headed ogre
 12075 | D:9      | Reached skill level 16 in Air Magic
 12360 | D:9      | Found a staircase to the Lair.
 12568 | Lair:1   | Entered Level 1 of the Lair of Beasts
 12573 | Lair:1   | Noticed a cane toad
 12578 | D:9      | Reached skill level 17 in Air Magic
 12578 | D:9      | HP: 1/53 [cane toad (16)]
 12579 | D:9      | Killed a cane toad
 12579 | D:9      | Succumbed to a cane toad's poison

Illustrated notes

Levels and vault maps discovered:
D:1:      erik_arrival_cave_to_civilisation [erik_arrival_cave_to_hall],
          layout_loops_ring, hellmonk_ecumenical_altar_leap_of_faith
D:2:      layout_basic, basic_altar, minivault_5, chequers_serial_rivers_room_a,
          dk_noncrumbling_3
D:3:      layout_loops_cross, good_gods_temple_1, lightli_temple_of_fire,
          mainiacjoe_overflow_brackets, serial_shops,
          nicolae_shop_advertising_works [nicolae_subvault_shop_adworks]
D:4:      layout_gridville, kennysheep_little_box, kiku_gazebo_garden_becter,
          serial_shops, shop, kennysheep_donut, uniq_natasha, uniq_menkaure,
          uniq_ijyb, uniq_eustachio
D:5:      layout_loops_corners, amcnicky_altar_gilded,
          minmay_temple_entry_junction
D:6:      layout_rooms, chequers_temple_overflow_minitemple
D:7:      layout_cave_pools
D:8:      layout_gridville, minmay_sticks_and_stones
D:9:      layout_loops_ring, david_lair_shrubbed
Temple:   nicolae_temple_godpark
Lair:1:   layout_regular_city, basic_altar, beast_lair_carwin_3, uniq_nergalle,
          uniq_sonja

Skill      XL: |  1  2  3  4  5  6  7  8  9 10 |
---------------+-------------------------------+-----
Air Magic      | 5 6 7 8 9 11 13 14 17 | 17.1
Dodging        | 3 4 7 9 |  9.0
Fighting       | 1 2 |  2.0
Spellcasting   | 4 |  4.0
Stealth        | |  2.0
Conjurations   | |  1.3

Action                   |  1- 3 |  4- 6 |  7- 9 | 10-12 || total
-------------------------+-------+-------+-------+-------++-------
Melee: Unarmed           |     3 |       |       |       ||     3
       Kick              |     1 |       |       |       ||     1
       Peck              |     1 |       |       |       ||     1
 Cast: Shock             |    50 |    63 |   103 |    75 ||   291
       Static Discharge  |       |     6 |    20 |     7 ||    33
       Airstrike         |       |     7 |    61 |    27 ||    95
  Use: Scroll            |       |       |    15 |     1 ||    16
Armor: Robe              |     5 |     1 |     5 |     1 ||    12
Dodge: Dodged            |    13 |    11 |    32 |    13 ||    69

Table legend: (Time is in decaauts)
 A = Elapsed time spent in this place.
 B = Non-inter-level travel time spent in this place.
 C = Inter-level travel time spent in this place.
 D = Time resting spent in this place.
 E = Time spent auto-exploring this place.
 F = Levels seen in this place.
 G = Mean time per level.
                   A        B        C        D        E       F      G
               +--------+--------+--------+--------+--------+-----+--------+
         Total |  12161 |  11806 |    355 |   1832 |   8879 |  11 | 1105.5 |
       Dungeon |  12051 |  11708 |    343 |   1832 |   8802 |   9 | 1339.0 |
        Temple |    102 |     91 |     11 |      0 |     77 |   1 |  102.0 |
          Lair |      7 |      7 |      0 |      0 |      0 |   1 |    7.0 |
               +--------+--------+--------+--------+--------+-----+--------+

Top non-repeatable levels by time:
     D:2: 1927 daAuts
     D:5: 1615 daAuts
     D:4: 1467 daAuts
     D:8: 1429 daAuts
     D:6: 1361 daAuts
     D:1: 1301 daAuts
     D:9: 1218 daAuts
     D:3: 981 daAuts
     D:7: 750 daAuts
  Temple: 102 daAuts
  Lair:1: 7 daAuts
